 Dungeon Sprint DCSS version 0.20.1-1-g8b1a95d (console) character file.

8400000 hilaritas the Axe Maniac (level 27, -104/323 HPs)
             Began as a Troll Gladiator on Dec 2, 2017.
             Was the Champion of Makhleb.
             Annihilated by a destroyer
             ... wielding a +9 great sword of slicing
              (147 damage)
             ... in the Dungeon (Sprint VIII: "Arena of Blood").
             The game lasted 00:04:30 (84 turns).

hilaritas the Axe Maniac (Troll Gladiator)            Turns: 84, Time: 00:04:31

Health: -104/323   AC:  7    Str: 37    XL:     27
Magic:  34/53      EV: 24    Int:  6    God:    Makhleb [******]
Gold:   0          SH:  0    Dex: 11    Spells: 80/80 levels left

rFire    + . .     SeeInvis .   l - +∞ Axe of Woe
rCold    . . .     Gourm    +   (shield currently unavailable)
rNeg     . . .     Faith    .   b - +0 robe
rPois    .         Spirit   .   c - +0 hat
rElec    .         Reflect  .   (no cloak)
rCorr    .         Harm     .   (gloves unavailable)
MR       ++...     NoTele   +   (boots unavailable)
Stlth    +++++++++.             (no amulet)
Regen    1.1/turn               m - ring of protection from fire
MPRegen  0.4/turn               (no ring)

@: no status effects
A: unfitting armour, claws 3, fast metabolism 3, gourmand, regeneration 1,
shaggy fur 1, tough skin 2
a: Minor Destruction, Lesser Servant of Makhleb, Major Destruction, Greater
Servant of Makhleb, Renounce Religion


You were in the Dungeon.
You worshipped Makhleb.
Makhleb was exalted by your worship.
You were not hungry.

You visited 1 branch

Inventory:

Hand Weapons
 a - a +0 war axe
 l - the +∞ Axe of Woe (weapon)
   (You found it in the Dungeon)
Missiles
 d - 3 throwing nets (quivered)
Armour
 b - a +0 robe (worn)
 c - a +0 hat (worn)
Jewellery
 m - a ring of protection from fire (left claw)
Scrolls
 k - a scroll of blinking
Potions
 e - a potion of curing
 g - a potion of heal wounds
 h - a potion of haste
 i - 2 potions of magic
 j - a potion of berserk rage
Comestibles
 f - 2 bread rations


   Skills:
 O Level 27 Fighting
 O Level 27 Axes
 O Level 27 Throwing
 O Level 27 Armour
 O Level 27 Dodging
 O Level 27 Stealth
 O Level 27 Unarmed Combat
 O Level 27 Spellcasting
 O Level 27 Invocations


You had 80 spell levels left.
You didn't know any spells.

Dungeon Overview and Level Annotations

Branches:
Dungeon (1/1)

Altars:
Makhleb


Innate Abilities, Weirdness & Mutations

You are too large for most types of armour.
You have claws for hands.
Your metabolism is lightning-fast.
You like to eat raw meat.
Your natural rate of healing is unusually fast.
You are covered in fur. (AC +1)
You have very tough skin. (AC +2)


Message History

You dissect the large abomination like a pig carcass.
You destroy the large abomination!
You hear a shout! x3
The destroyer blinks!
You hear a shout! x2
A meat beast comes into view.
A bag of meat comes into view. It is wielding a +9 war axe.
The bag of meat shouts!
The meat beast appears out of thin air!
A meat beast comes into view.
The tyrant gestures wildly while chanting.
The tyrant seems to speed up.
You hear a shout!
The accursed casts a spell at you. Something smites you!
* * * LOW HITPOINT WARNING * * *
You hear a shout!
The large bag of meat is engulfed in blazing flames.
The destroyer hits you with a +9 great sword of slicing!!!!!
You die...

....### #§.....####
2.........####
...........####
.........%...#
#...........#
o.####..........#
....O..@V.......#
.......X)#......#
......XX.§§§....# ....o
.......XO#§§..%.# ...#
......X.O§§X%...# . ....#
.....XoXXX##X)..%# .
....###.....2.xL))))M..#
.###........W....###)))..#
.._........{......X.)).).#
.....#....x..#.#...X.))))#
_.<._#................)).#


You could see an accursed, 2 tentacled monstrosities, 2 meat beasts, a tyrant, a
destroyer, a large bag of meat (inner flame), 9 large abominations, a dread, 2
meat berserkers, 2 bags of meat and a crawling corpse.

Vanquished Creatures
  2 hell beasts (D)
  A wraith (D)
  2 liches (D)
  86 orcs (D)
  A phantom (D)
  5 skeletal warriors (D)
  2 large abominations (D)
  7 small abominations (D)
  11 crawling corpses (D)
  8 vampire knights (D)
  28 ogres (D)
  4 two-headed ogres (D)
157 creatures vanquished.

Vanquished Creatures (others)
  A crawling corpse (D)
1 creature vanquished.

Grand Total: 158 creatures vanquished

Notes
Turn   | Place    | Note
-------+----------+-------------------------------------------
     0 | D        | hilaritas the Troll Gladiator began the quest for the Orb.
     0 | D        | Reached XP level 1. HP: 19/19 MP: 0/0
     3 | D        | Noticed a bag of meat
     4 | D        | Became a worshipper of Makhleb the Destroyer
     5 | D        | Noticed a bag of meat
     5 | D        | Noticed a bag of meat
     5 | D        | Noticed a meat berserker
     5 | D        | Noticed a meat berserker
     6 | D        | Killed a meat berserker
     6 | D        | Reached XP level 2. HP: 27/27 MP: 1/1
     6 | D        | Reached XP level 3. HP: 33/33 MP: 2/2
     6 | D        | Reached XP level 4. HP: 41/41 MP: 3/3
     6 | D        | Reached XP level 5. HP: 48/48 MP: 4/4
     6 | D        | Reached XP level 6. HP: 55/55 MP: 5/5
     6 | D        | Reached XP level 7. HP: 62/62 MP: 6/6
     6 | D        | Reached XP level 8. HP: 70/70 MP: 7/7
     6 | D        | Reached XP level 9. HP: 76/76 MP: 8/8
     6 | D        | Reached XP level 10. HP: 85/85 MP: 9/9
     6 | D        | Reached XP level 11. HP: 92/92 MP: 10/10
     6 | D        | Reached XP level 12. HP: 100/100 MP: 11/11
     6 | D        | Reached XP level 13. HP: 106/106 MP: 12/12
     7 | D        | Killed a bag of meat
     7 | D        | Reached * piety under Makhleb
     7 | D        | Reached skill level 27 in Axes
     8 | D        | Killed a meat berserker
     8 | D        | Reached XP level 14. HP: 170/170 MP: 13/13
     9 | D        | Noticed a meat berserker
     9 | D        | Noticed a bag of meat
    10 | D        | Killed a bag of meat
    10 | D        | Reached XP level 15. HP: 174/187 MP: 14/14
    12 | D        | Killed a meat berserker
    12 | D        | Reached ** piety under Makhleb
    13 | D        | Noticed a large bag of meat
    13 | D        | Noticed a meat berserker
    15 | D        | Noticed a meat berserker
    15 | D        | Noticed a meat berserker
    15 | D        | Noticed a meat berserker
    16 | D        | Noticed a meat berserker
    16 | D        | Noticed a meat berserker
    16 | D        | Reached skill level 27 in Fighting
    16 | D        | Reached XP level 16. HP: 168/217 MP: 15/15
    17 | D        | Noticed a meat berserker
    17 | D        | Noticed a meat berserker
    17 | D        | Noticed a meat berserker
    18 | D        | Killed a meat berserker
    18 | D        | Reached *** piety under Makhleb
    18 | D        | Reached XP level 17. HP: 215/226 MP: 16/16
    19 | D        | Noticed a meat berserker
    19 | D        | Killed a large bag of meat
    19 | D        | Killed a meat berserker
    19 | D        | Reached **** piety under Makhleb
    19 | D        | Reached XP level 18. HP: 236/236 MP: 17/17
    19 | D        | Killed a meat berserker
    20 | D        | Noticed a destroyer
    20 | D        | Noticed a large bag of meat
    21 | D        | Killed a meat berserker
    21 | D        | Reached skill level 27 in Dodging
    21 | D        | Reached XP level 19. HP: 245/245 MP: 18/18
    21 | D        | Killed a meat berserker
    21 | D        | Reached ***** piety under Makhleb
    21 | D        | Reached skill level 27 in Armour
    21 | D        | Reached skill level 15 in Invocations
    22 | D        | Noticed a meat berserker
    22 | D        | Noticed a meat berserker
    22 | D        | Noticed a meat berserker
    22 | D        | Noticed a destroyer
    23 | D        | Killed a meat berserker
    23 | D        | Reached XP level 20. HP: 256/256 MP: 18/32
    23 | D        | Killed a meat berserker
    24 | D        | Noticed a destroyer
    25 | D        | Killed a meat berserker
    25 | D        | Reached ****** piety under Makhleb
    25 | D        | Reached XP level 21. HP: 133/265 MP: 18/37
    25 | D        | Reached skill level 27 in Invocations
    25 | D        | Reached XP level 22. HP: 275/275 MP: 18/38
    25 | D        | Reached skill level 27 in Stealth
    25 | D        | Reached skill level 15 in Throwing
    28 | D        | Reached skill level 27 in Throwing
    28 | D        | Reached XP level 23. HP: 284/284 MP: 19/39
    30 | D        | Killed a destroyer
    30 | D        | Reached skill level 15 in Spellcasting
    30 | D        | Reached XP level 24. HP: 295/295 MP: 19/42
    30 | D        | Killed a large bag of meat
    30 | D        | Reached skill level 27 in Unarmed Combat
    33 | D        | Reached XP level 25. HP: 304/304 MP: 20/52
    33 | D        | Reached skill level 27 in Spellcasting
    35 | D        | Killed a destroyer
    35 | D        | Reached XP level 26. HP: 314/314 MP: 20/53
    37 | D        | Noticed a destroyer
    39 | D        | Reached XP level 27. HP: 323/323 MP: 22/53
    40 | D        | Killed a destroyer
    40 | D        | Noticed a destroyer
    40 | D        | Noticed a destroyer
    46 | D        | Killed a destroyer
    50 | D        | Killed a destroyer
    52 | D        | Noticed a tyrant
    55 | D        | Noticed a large bag of meat
    57 | D        | Noticed a tyrant
    57 | D        | Killed a destroyer
    58 | D        | Noticed an accursed
    58 | D        | Noticed a destroyer
    59 | D        | HP: 7/323 [destroyer/+9 great sword of slicing (59)]
    59 | D        | HP: 1/323 [destroyer/+9 great sword of slicing (6)]
    60 | D        | Noticed a tyrant
    60 | D        | Noticed a destroyer
    60 | D        | Killed a destroyer
    62 | D        | Noticed a large bag of meat
    62 | D        | Killed a large bag of meat
    62 | D        | Killed a tyrant
    64 | D        | Killed a destroyer
    65 | D        | Noticed a large bag of meat
    67 | D        | Killed a tyrant
    71 | D        | Noticed a meat beast
    72 | D        | Noticed a dread
    75 | D        | Killed a large bag of meat
    75 | D        | Killed a meat beast
    78 | D        | Noticed a meat beast
    80 | D        | Noticed a dread
    81 | D        | Killed a meat beast
    81 | D        | Killed a dread
    82 | D        | Noticed a destroyer
    84 | D        | Noticed a meat beast
    84 | D        | Annihilated by a destroyer

Skill      XL: |  1  2  3  4  5  6  7  8  9 10 11 12 13 14 15 16 17 18 19 20 21 22 23 24 25 |
---------------+----------------------------------------------------------------------------+-----
Axes           | 25 27 | 27.0
Fighting       | 18 21 27 | 27.0
Armour         | 13 20 25 27 | 27.0
Dodging        | 16 23 27 | 27.0
Stealth        | 14 20 26 27 | 27.0
Invocations    | 19 26 27 | 27.0
Throwing       | 27 | 27.0
Unarmed Combat | 23 27 | 27.0
Spellcasting   | 16 26 27 | 27.0

Action                   |  1- 3 |  4- 6 |  7- 9 | 10-12 | 13-15 | 16-18 | 19-21 | 22-24 | 25-27 || total
-------------------------+-------+-------+-------+-------+-------+-------+-------+-------+-------++-------
Melee: Executioner's axe |     1 |       |       |       |     5 |     3 |     2 |     5 |    30 ||    46
Armor: Robe              |       |       |       |       |       |       |       |       |     3 ||     3
Dodge: Dodged            |     1 |       |       |       |       |       |       |     1 |     6 ||     8
